 Dungeon Crawl Stone Soup version 0.18-a0-1267-gff090c1 (webtiles) character file.

427 RedPan the Shield-Bearer (level 7, 0/52 HPs)
             Began as a Formicid Fighter on Feb 7, 2016.
             Was an Initiate of Makhleb.
             Slain by an ogre
             ... wielding a +0 giant club
              (9 damage)
             ... on level 5 of the Dungeon.
             The game lasted 00:07:51 (3991 turns).

RedPan the Shield-Bearer (Formicid Fighter)         Turns: 3991, Time: 00:07:52

Health: 0/52       AC:  6    Str: 19 (22) XL:     7   Next: 18%
Magic:  7/7        EV:  2    Int:  5 (8)  God:    Makhleb [......]
Gold:   261        SH:  0    Dex:  0 (10) Spells: 0 memorised, 6 levels left

rFire  . . .     SeeInvis +     a - +0 flail
rCold  . . .     Gourm    .     b - +0 scale mail
rNeg   . . .     Faith    .     c - +0 shield
rPois  .         Spirit   .     (helmet unavailable)
rElec  .         Dismiss  .     (no cloak)
rCorr  .         Reflect  .     (no gloves)
SustAt .         Harm     .     (no boots)
MR     .....                    (no amulet)
Stlth  ..........               (no ring)
                                (no ring)

@: slowed, lost dexterity, very slow, not resistant to hostile enchantments,
extremely unstealthy
A: permanent stasis, dig shafts and tunnels, four strong arms, antennae 3
a: Dig, Shaft Self, Renounce Religion


You were on level 5 of the Dungeon.
You worshipped Makhleb.
Makhleb was noncommittal.
You were not hungry.

You visited 1 branch of the dungeon, and saw 5 of its levels.

You collected 261 gold pieces.

Inventory:

Hand Weapons
 a - a +0 flail (weapon)
Armour
 b - a +0 scale mail (worn)
 c - a +0 shield (worn)
Scrolls
 e - 2 scrolls of identify
Potions
 d - a potion of might
 m - a potion of flight
Comestibles
 f - 2 bread rations
 l - a meat ration


   Skills:
 - Level 3.2 Fighting
 + Level 5.6 Maces & Flails
 - Level 3.2 Armour
 + Level 6.4 Shields


You had 6 spell levels left.
You didn't know any spells.

Dungeon Overview and Level Annotations

Branches:
Dungeon (5/15)
 Temple: D:4-7

Altars:
Fedhas
Kikubaaqudgha
Makhleb
Xom
The Shining One


Innate Abilities, Weirdness & Mutations

You are under a permanent stasis effect.
You can dig through walls and to a lower floor.
Your four strong arms can wield two-handed weapons with a shield.
You have a pair of large antennae on your head (SInv).


Message History

There is a stone staircase leading up here.
You climb upwards.
There is a stone staircase leading down here.
There is a stone staircase leading down here.
You climb downwards.
An ogre and a zombie come into view.
The ogre shouts!
An ice beast comes into view.
There is a stone staircase leading up here.
The ogre hits you with a giant club.
You hit the ogre.
The ogre is moderately wounded.
The ogre hits you with a giant club!!
Your shield and scale mail prevent you from hitting the ogre.
The ogre is moderately wounded.
The ogre hits you with a giant club!
* * * LOW HITPOINT WARNING * * *
The worker ant zombie barely misses you.
The ogre hits you with a giant club!
You die...

### ...
#.# #Y#
#O# #
####+##@#
.......Z#
.......<#
.......##
####...
{.....
.......
.......
.......


You could see an ice beast, an ogre and a worker ant zombie.

Vanquished Creatures
  Sigmund (D:4)
  A quasit (D:4)
  A hound (D:3)
  3 worker ants (D:4)
  A hound skeleton (D:4)
  6 adders
  An ooze (D:1)
  2 adder skeletons (D:4)
  A worm (D:2)
  A giant gecko (D:2)
  4 orcs (D:4)
  6 hobgoblins
  4 jackals (D:2)
  A quokka (D:2)
  2 ball pythons
  10 bats
  5 giant newts
  5 goblins
  3 kobolds
  10 rats
68 creatures vanquished.

Vanquished Creatures (others)
  An adder (D:4)
  A giant cockroach (D:4)
2 creatures vanquished.

Grand Total: 70 creatures vanquished

Notes
Turn   | Place    | Note
--------------------------------------------------------------
     0 | D:1      | RedPan the Formicid Fighter began the quest for the Orb.
     0 | D:1      | Reached XP level 1. HP: 18/18 MP: 1/1
   202 | D:1      | Reached XP level 2. HP: 13/24 MP: 2/2
   590 | D:1      | Found a glowing golden altar of the Shining One.
   996 | D:2      | Reached XP level 3. HP: 25/29 MP: 3/3
  1091 | D:2      | Found an ancient bone altar of Kikubaaqudgha.
  1180 | D:2      | Found a blossoming altar of Fedhas.
  1505 | D:2      | Reached skill level 4 in Shields
  1739 | D:2      | Reached XP level 4. HP: 25/35 MP: 4/4
  2240 | D:3      | Found a burning altar of Makhleb.
  2251 | D:3      | Reached XP level 5. HP: 28/41 MP: 5/5
  2257 | D:3      | Became a worshipper of Makhleb the Destroyer
  2624 | D:4      | Found a shimmering altar of Xom.
  2734 | D:4      | Noticed Sigmund
  2758 | D:4      | Killed Sigmund
  2758 | D:4      | Reached skill level 5 in Maces & Flails
  2758 | D:4      | Reached skill level 5 in Shields
  2758 | D:4      | Reached XP level 6. HP: 45/47 MP: 6/6
  3055 | D:4      | Reached skill level 6 in Shields
  3472 | D:4      | Reached XP level 7. HP: 44/52 MP: 7/7
  3667 | D:5      | Entered Level 5 of the Dungeon
  3716 | D:4      | Lost dexterity.
  3991 | D:5      | Slain by an ogre

Vault maps used:
D:1:      tarquinn_simple_flora_water_b, tso_metal_star
D:2:      grunt_temple_overflow_growth_and_decay, first_bread
D:3:      makhleb_heckhound_becter
D:4:      xom_confusion_cloud, dk_rats_in_the_wall, uniq_sigmund
D:5:      lemuel_coloured_pillars_altar, temple_hall, uniq_edmund,
          uniq_blork_the_orc, uniq_crazy_yiuf_cottage

Action                   |  1- 3 |  4- 6 |  7- 9 || total
-------------------------+-------+-------+-------++-------
Melee: Flail             |   154 |   145 |    60 ||   359
  Use: Scroll            |     2 |     2 |     2 ||     6
       Potion            |       |     2 |     6 ||     8
  Eat: Chunk             |     2 |     5 |     1 ||     8
       Fruit             |       |     1 |       ||     1
       Bread ration      |       |       |     1 ||     1
